 Dungeon Crawl Stone Soup version 0.28.0-45-g0d030f2227 (webtiles) character file.

Game seed: 8313551060972657758

1180 Ablot the Cutter (level 8, -10/67 HPs)
             Began as a Gnoll Chaos Knight on Apr 11, 2022.
             Was a Plaything of Xom.
             Mangled by an ogre
             ... wielding a +0 giant spiked club
              (25 damage)
             ... on level 7 of the Dungeon.
             The game lasted 00:08:10 (5513 turns).

Ablot the Cutter (Gnoll Chaos Knight)               Turns: 5513, Time: 00:08:11

Health: -10/67     AC:  6    Str: 13    XL:     8   Next: 42%
Magic:  12/12      EV: 12    Int: 13    God:    Xom [..*...]
Gold:   171        SH:  0    Dex: 11    Spells: 7/13 levels left

rFire   + . .      SeeInvis .   a - +0 short sword (chaos)
rCold   . . .      Faith    .   (no shield)
rNeg    + . .      Spirit   .   b - +1 leather armour "Vuforoab" {rF+}
rPois   +          Reflect  .   (no helmet)
rElec   .          Harm     .   (no cloak)
rCorr   .          Rampage  .   p - +0 pair of gloves
Will    .....                   (no boots)
Stlth   ++........              (no amulet)
HPRegen 0.21/turn               e - ring of poison resistance
MPRegen 0.13/turn               r - ring of positive energy

@: mighty
A: fangs 1, strong nose, distributed training
a: Renounce Religion


You were on level 7 of the Dungeon.
You worshipped Xom.
You were a toy of Xom.
You visited 1 branch of the dungeon, and saw 7 of its levels.

You collected 313 gold pieces.
You spent 142 gold pieces at shops.

Inventory:

Hand Weapons
 a - a +0 short sword of chaos (weapon)
Missiles
 c - 97 sling bullets
 h - 3 boomerangs (quivered)
 i - 40 bolts
 n - 41 arrows
 o - 5 curare-tipped darts
 x - 5 javelins
 A - 60 stones
Armour
 b - the +1 leather armour "Vuforoab" (worn) {rF+}
   (You found it on level 5 of the Dungeon)

   rF:        It protects you from fire.
 p - a +0 pair of gloves (worn)
Magical Staves
 d - a staff of conjuration
Jewellery
 e - a ring of poison resistance (left hand)
 r - a ring of positive energy (right hand)
Scrolls
 f - 2 scrolls of summoning {unknown}
 j - a scroll of vulnerability {unknown}
 k - 2 scrolls of fear {unknown}
 m - 2 scrolls of teleportation
 s - a scroll of fog {unknown}
 y - a scroll of magic mapping {unknown}
 z - a scroll of holy word {unknown}
Potions
 l - a potion of resistance
 q - a potion of flight
 u - 2 potions of lignification
 v - 2 potions of heal wounds
 w - a potion of might
 B - a potion of curing


   Skills:
 + Level 7.3 Fighting
 + Level 7.3 Short Blades
 + Level 3.2 Long Blades
 + Level 3.2 Axes
 + Level 3.2 Maces & Flails
 + Level 3.2 Polearms
 + Level 3.2 Staves
 + Level 3.2 Slings
 + Level 3.2 Bows
 + Level 3.2 Crossbows
 + Level 3.2 Throwing
 + Level 5.6 Armour
 + Level 4.2 Dodging
 + Level 3.2 Stealth
 + Level 3.2 Shields
 + Level 3.2 Unarmed Combat
 + Level 3.2 Spellcasting
 + Level 2.6 Conjurations
 + Level 2.6 Hexes
 + Level 2.6 Summonings
 + Level 2.6 Necromancy
 + Level 2.6 Translocations
 + Level 2.6 Transmutations
 + Level 2.6 Fire Magic
 + Level 2.6 Ice Magic
 + Level 2.6 Air Magic
 + Level 2.6 Earth Magic
 + Level 2.6 Poison Magic
 + Level 3.5 Invocations
 + Level 3.2 Evocations


You had 7 spell levels left.
You knew the following spells:

 Your Spells              Type           Power      Damage    Failure   Level
a - Poisonous Vapours     Pois/Air       18%        N/A       14%         2
b - Corpse Rot            Necr/Air       18%        N/A       14%         2
c - Blink                 Tloc           18%        N/A       14%         2

Your spell library contained the following spells:

 Spells                   Type           Power      Damage    Failure   Level
 Sandblast                Erth           18%        2d7       10%         1
 Passwall                 Tmut/Erth      7%         N/A       14%         2
 Stone Arrow              Conj/Erth      18%        3d8       28%         3
 Summon Guardian Golem    Hex/Summ       9%         N/A       28%         3
 Airstrike                Air            4%         N/A       67%         4
 Dispel Undead            Necr           9%         3d8       67%         4
 Summon Lightning Spire   Summ/Air       9%         N/A       67%         4
 Lightning Bolt           Conj/Air       4%         1d16      95%         5
 Manifold Assault         Tloc           9%         N/A       95%         5
 Death Channel            Necr           4%         N/A       100%        6
 Orb of Destruction       Conj           4%         9d5       100%        7
 Spellforged Servitor     Conj/Summ      4%         N/A       100%        7
 Storm Form               Tmut/Air       4%         N/A       100%        7


Dungeon Overview and Level Annotations

Branches:
Dungeon (7/15)             Temple (0/1) D:6

Altars:
Elyvilon
Hepliaklqana
Trog

Shops:
D:2 :   D:5 *!   D:6 ?


Innate Abilities, Weirdness & Mutations

You have very sharp teeth.
Your uncanny sense of smell can sniff out nearby items.
Your experience applies equally to all skills.


Message History

Xom's power touches on a nearby monster.
The orc evaporates and reforms as an endoplasm!
The centaur hits you.
The centaur kicks you but does no damage.
You hit the centaur.
The centaur flickers and vanishes!
Deactivating autopickup; reactivate with Ctrl-A. "Go forth and destroy!"
You feel very mighty all of a sudden.
You are now a toy of Xom.
Something hits you. Something kicks you. Something hits you.
Something kicks you.
You hit something. You burn something. You bite something.
Something hits you but does no damage. Something kicks you but does no damage.
You puncture something! You burn something. You punch something.
Something hits you. Something kicks you but does no damage.
You barely miss something. Something hits you.
Something kicks you but does no damage.
You hit something.
Reactivating autopickup.
You feel a bit more experienced.
Your life force feels restored.
Unknown command.
You hit the ogre.
The ogre is lightly wounded.
You hit the ogre.
The ogre is poisoned.
The ogre is lightly wounded.
The ogre barely misses you.
Things that are here:
a +0 shortbow; 23 arrows You hit the ogre.
You burn the ogre.
The ogre is moderately wounded.
The ogre hits you with a +0 giant spiked club!!
* * * LOW HITPOINT WARNING * * *
You puncture the ogre!
The ogre resists with some effort.
The ogre is severely wounded.
You hit the ogre. You bite the ogre.
The ogre is almost dead.
The ogre hits you with a +0 giant spiked club!!
You die...
Xom bursts into laughter!

# .# ###. #.. #.#
##.## #
#.######...##.###
#...@OJ..........
########.<.##)#
##.## #.# ∆ #.#
#.# #.# #.# #.#


You could see an ogre (very poisoned) and an endoplasm.

Vanquished Creatures
  A black bear (D:5)
  An ice beast (D:3)
  A necrophage (D:4)
  2 ogres
  A centaur (D:7)
  A kobold brigand (D:6)
  A bullfrog (D:4)
  3 scorpions
  A bullfrog zombie (D:5)
  A hound (D:5)
  An orc priest (D:4)
  2 iguanas
  2 orc wizards (D:6)
  A hound skeleton (D:5)
  A howler monkey zombie (D:5)
  2 gnolls
  3 adders
  A white imp (D:6)
  2 worms (D:2)
  3 dart slugs
  12 orcs
  4 ball pythons
  5 endoplasms
  4 giant cockroaches
  7 hobgoblins
  5 jackals (D:3)
  A quokka (D:4)
  3 frilled lizards
  5 goblins
  9 kobolds
  6 rats
92 creatures vanquished.

Vanquished Creatures (collateral kills)
  A gnoll (D:4)
  A goblin (D:4)
2 creatures vanquished.

Grand Total: 94 creatures vanquished

Notes
Turn   | Place    | Note
-------+----------+-------------------------------------------
     0 | D:1      | Ablot the Gnoll Chaos Knight began the quest for the Orb.
     0 | D:1      | Reached XP level 1. HP: 23/23 MP: 1/1
   363 | D:1      | Found a faded altar of an unknown god.
   501 | D:1      | Reached XP level 2. HP: 29/29 MP: 2/2
   617 | D:1      | XOM: silly message
   628 | D:2      | Found Delyw's Book Emporium.
   881 | D:2      | Reached XP level 3. HP: 34/35 MP: 3/3
   990 | D:2      | XOM: cloud trail
  1001 | D:2      | XOM: silly message
  1222 | D:3      | XOM: noise
  1260 | D:3      | Noticed a scorpion
  1274 | D:3      | Killed a scorpion
  1275 | D:3      | Reached skill level 1 in Long Blades
  1275 | D:3      | Reached skill level 1 in Axes
  1275 | D:3      | Reached skill level 1 in Maces & Flails
  1275 | D:3      | Reached skill level 1 in Polearms
  1275 | D:3      | Reached skill level 1 in Staves
  1275 | D:3      | Reached skill level 1 in Slings
  1275 | D:3      | Reached skill level 1 in Bows
  1275 | D:3      | Reached skill level 1 in Crossbows
  1275 | D:3      | Reached skill level 1 in Throwing
  1275 | D:3      | Reached skill level 1 in Stealth
  1275 | D:3      | Reached skill level 1 in Shields
  1275 | D:3      | Reached skill level 1 in Unarmed Combat
  1275 | D:3      | Reached skill level 1 in Spellcasting
  1275 | D:3      | Reached skill level 1 in Conjurations
  1275 | D:3      | Reached skill level 1 in Hexes
  1275 | D:3      | Reached skill level 1 in Summonings
  1275 | D:3      | Reached skill level 1 in Necromancy
  1275 | D:3      | Reached skill level 1 in Translocations
  1275 | D:3      | Reached skill level 1 in Transmutations
  1275 | D:3      | Reached skill level 1 in Fire Magic
  1275 | D:3      | Reached skill level 1 in Ice Magic
  1275 | D:3      | Reached skill level 1 in Air Magic
  1275 | D:3      | Reached skill level 1 in Earth Magic
  1275 | D:3      | Reached skill level 1 in Poison Magic
  1275 | D:3      | Reached skill level 1 in Invocations
  1275 | D:3      | Reached skill level 1 in Evocations
  1275 | D:3      | Reached XP level 4. HP: 12/41 MP: 5/5
  1278 | D:3      | Killed a scorpion
  1279 | D:3      | Reached XP level 5. HP: 11/47 MP: 5/7
  1727 | D:3      | Noticed an ice beast
  1742 | D:3      | XOM: summons friendly shadow imp
  1751 | D:3      | Killed an ice beast
  1752 | D:3      | Reached XP level 6. HP: 36/53 MP: 8/8
  2098 | D:3      | XOM: enchant monster (bad)
  2262 | D:3      | Found a faded altar of an unknown god.
  2262 | D:3      | Found a hazy altar of Hepliaklqana.
  2264 | D:3      | Found a faded altar of an unknown god.
  2307 | D:3      | XOM: summons 2 hostile shadow creatures
  2400 | D:4      | Found a white marble altar of Elyvilon.
  2442 | D:4      | XOM: summons friendly ufetubus
  2452 | D:4      | Reached skill level 5 in Armour
  2609 | D:4      | Noticed a necrophage
  2619 | D:4      | Killed a necrophage
  2630 | D:4      | XOM: divination: detect creatures
  2631 | D:4      | XOM: summons 1 hostile shadow creature
  2645 | D:4      | XOM: enchant monster (bad)
  2649 | D:4      | XOM: summons 4 friendly demons
  2651 | D:4      | Reached XP level 7. HP: 44/59 MP: 10/10
  2973 | D:4      | Found a bloodstained altar of Trog.
  3171 | D:5      | Entered Level 5 of the Dungeon
  3391 | D:5      | XOM: silly message
  3430 | D:5      | XOM: 1-stop teleportation journey
  3432 | D:5      | XOM: enchant monster (bad)
  3548 | D:5      | Found Canen's General Store.
  3557 | D:5      | Bought a scroll of identify for 22 gold pieces
  3557 | D:5      | Bought a scroll of noise for 11 gold pieces
  3692 | D:5      | Identified the +1 leather armour "Vuforoab" {rF+}
  3726 | D:5      | XOM: confuse monster(s)
  3731 | D:5      | XOM: potion effect (invisibility)
  3795 | D:5      | Learned a level 2 spell: Poisonous Vapours
  3798 | D:5      | Learned a level 2 spell: Corpse Rot
  3915 | D:5      | Learned a level 2 spell: Blink
  3965 | D:5      | Found Monkud's Distillery.
  3968 | D:5      | Bought a potion of degeneration for 10 gold pieces
  3968 | D:5      | Bought a potion of curing for 30 gold pieces
  3968 | D:5      | Bought a potion of lignification for 30 gold pieces
  4429 | D:6      | XOM: smoke on damage
  4434 | D:6      | Reached XP level 8. HP: 26/67 MP: 12/12
  4663 | D:6      | Found a staircase to the Ecumenical Temple.
  4751 | D:6      | Found Fuhususu's Magic Scroll Shop.
  4756 | D:6      | Bought a scroll of teleportation for 39 gold pieces
  4814 | D:6      | XOM: enchant monster (good)
  4830 | D:6      | XOM: divination: magic mapping
  5116 | D:6      | XOM: 9-stop teleportation journey
  5500 | D:7      | XOM: polymorph orc -> endoplasm
  5501 | D:7      | XOM: potion effect (might)
  5513 | D:7      | Mangled by an ogre

Illustrated notes

Levels and vault maps discovered:
D:1:      zaba_arrival_water, layout_loops_ring, ebering_ecumenical_altar_webs
D:2:      layout_rooms, serial_shops, shop
D:3:      layout_basic, nicolae_hepliaklqana_ecumenical_no_more,
          minmay_checkerbox
D:4:      layout_layer_cave, mainiacjoe_overflow_24_doors, elyvilon_altar_4
D:5:      layout_basic, serial_shops, nicolae_lakefront_shop, kennysheep_mini
D:6:      layout_basic, minmay_temple_entry_mini_moons, serial_shops,
          nicolae_shop_hallway_plus
D:7:      layout_loops_ring, mainiacjoe_overflow_boulevard, serial_shops, shop

Skill      XL: |  1  2  3  4  5  6  7  8 |
---------------+-------------------------+-----
Long Blades    | 1 2 3 |  3.2
Axes           | 1 2 3 |  3.2
Maces & Flails | 1 2 3 |  3.2
Polearms       | 1 2 3 |  3.2
Staves         | 1 2 3 |  3.2
Slings         | 1 2 3 |  3.2
Bows           | 1 2 3 |  3.2
Crossbows      | 1 2 3 |  3.2
Throwing       | 1 2 3 |  3.2
Stealth        | 1 2 3 |  3.2
Shields        | 1 2 3 |  3.2
Unarmed Combat | 1 2 3 |  3.2
Spellcasting   | 1 2 3 |  3.2
Conjurations   | 1 2 |  2.6
Hexes          | 1 2 |  2.6
Summonings     | 1 2 |  2.6
Necromancy     | 1 2 |  2.6
Translocations | 1 2 |  2.6
Transmutations | 1 2 |  2.6
Fire Magic     | 1 2 |  2.6
Ice Magic      | 1 2 |  2.6
Air Magic      | 1 2 |  2.6
Earth Magic    | 1 2 |  2.6
Poison Magic   | 1 2 |  2.6
Invocations    | 1 2 3 |  3.5
Evocations     | 1 2 3 |  3.2
Dodging        | 3 4 |  4.2
Armour         | 5 |  5.6
Fighting       | 7 |  7.3
Short Blades   | 7 |  7.3

Action                   |  1- 3 |  4- 6 |  7- 9 || total
-------------------------+-------+-------+-------++-------
Melee: Short sword       |    74 |   137 |   165 ||   376
       Bite              |     5 |    15 |    28 ||    48
       Punch             |       |     1 |     3 ||     4
Throw: Boomerang         |     2 |    10 |     7 ||    19
 Cast: Poisonous Vapours |       |       |     1 ||     1
  Use: Scroll            |       |       |     3 ||     3
 Stab: Sleeping          |       |     3 |     2 ||     5
       Petrifying        |       |     1 |       ||     1
       Petrified         |       |       |     2 ||     2
       Paralysed         |       |       |     5 ||     5
       Invisible         |       |       |     1 ||     1
Armor: Leather armour    |    16 |    23 |    40 ||    79
Dodge: Dodged            |    22 |    61 |    71 ||   154
